 Dungeon Crawl Stone Soup version 0.28.0-53-g5a82cb258f (webtiles) character file.

Game seed: 789705436118661157

2317 Logoto the Skirmisher (level 9, -24/75 HPs)
             Began as a Hill Orc Fire Elementalist on Aug 3, 2022.
             Annihilated by a two-headed ogre
             ... wielding a +0 giant club
              (25 damage)
             ... on level 8 of the Dungeon.
             The game lasted 00:21:59 (8294 turns).

Logoto the Skirmisher (Hill Orc Fire Elementalist)  Turns: 8294, Time: 00:22:00

Health: -24/75     AC: 11    Str: 15    XL:     9   Next: 41%
Magic:  1/15       EV: 10    Int: 20    God:
Gold:   126        SH: 14    Dex: 11    Spells: 13/16 levels left

rFire   + . .      SeeInvis .   y - +2 trident (vamp)
rCold   + . .      Faith    .   q - +1 kite shield
rNeg    . . .      Spirit   .   w - +5 leather armour of the Bouncing Allies {rF+ rC+ Int+5}
rPois   .          Reflect  +   (no helmet)
rElec   .          Harm     .   (no cloak)
rCorr   .          Rampage  .   k - +2 pair of gloves
Will    .....                   (no boots)
Stlth   ++........              m - amulet of reflection
HPRegen 0.22/turn               C - +4 ring of slaying
MPRegen 0.14/turn               (no ring)

@: no status effects
A: no striking features
a: no special abilities


You were on level 8 of the Dungeon.
You visited 2 branches of the dungeon, and saw 9 of its levels.

You collected 314 gold pieces.
You spent 188 gold pieces at shops.

Inventory:

Hand Weapons
 d - a +1 demon trident of venom
 j - a +0 war axe of electrocution
 p - a +1 dagger of freezing
 y - a +2 vampiric trident (weapon)
Armour
 a - a +0 robe
 i - a +0 leather armour
 k - a +2 pair of gloves (worn)
 q - a +1 kite shield (worn)
 r - a +0 ring mail
 w - the +5 leather armour of the Bouncing Allies (worn) {rF+ rC+ Int+5}
   (You found it on level 5 of the Dungeon)

   Int:       It affects your intelligence (+5).
   rF:        It protects you from fire.
   rC:        It protects you from cold.
Jewellery
 m - an amulet of reflection (around neck)
 C - a +4 ring of slaying (left hand)
Wands
 t - a wand of digging (1)
 z - a wand of flame (24)
Scrolls
 f - 2 scrolls of teleportation
 g - 6 scrolls of identify
 h - 2 scrolls of magic mapping
 l - a scroll of enchant weapon {unknown}
 o - a scroll of immolation {unknown}
 u - a scroll of fog {unknown}
 x - 2 scrolls of blinking {unknown}
 A - a scroll of holy word {unknown}
 B - 2 scrolls of noise {unknown}
Potions
 b - a potion of mutation {unknown}
 c - a potion of haste {unknown}
 e - a potion of resistance {unknown}
 n - 3 potions of curing
 s - a potion of magic {unknown}
 v - a potion of flight {unknown}


   Skills:
 * Level 6.1 Fighting
 + Level 5.1 Polearms
 + Level 3.2 Armour
 + Level 3.2 Dodging
 + Level 2.5 Stealth
 + Level 4.0 Shields
 + Level 4.4 Spellcasting
 + Level 2.2 Conjurations
 + Level 6.0 Fire Magic


You had 13 spell levels left.
You knew the following spells:

 Your Spells              Type           Power      Damage    Failure   Level
a - Foxfire               Conj/Fire      84%        2x1d8     9%          1
b - Scorch                Fire           56%        2d7       6%          2

Your spell library contained the following spells:

 Spells                   Type           Power      Damage    Failure   Level
 Conjure Flame            Conj/Fire      21%        6-21      24%         3
 Inner Flame              Hex/Fire       16%        N/A       36%         3
 Sting                    Tmut/Pois      16%        1d3       41%         1
 Poisonous Vapours        Pois/Air       8%         N/A       56%         2
 Flame Wave               Conj/Fire      21%        2d7       63%         4
 Portal Projectile        Hex/Tloc       8%         N/A       80%         3
 Olgreb's Toxic Radiance  Pois           4%         N/A       99%         4
 Blade Hands              Tmut           2%         N/A       100%        5
 Excruciating Wounds      Necr           2%         N/A       100%        5


Dungeon Overview and Level Annotations

Branches:
Dungeon (8/15)             Temple (1/1) D:4
   Lair: D:8-11

Altars:
Ashenzari
Cheibriados
Dithmenos
Elyvilon
Fedhas
Gozag
Hepliaklqana
Kikubaaqudgha
Makhleb
Nemelex Xobeh
Okawaru
Qazlal
Sif Muna
Trog
Uskayaw
Vehumet
Wu Jian
Xom
Yredelemnul
Zin
The Shining One

Shops:
D:3 :   D:6 ?

Annotations:
D:6 2 transporters, DemonSlayer's ghost, novice DsFE


Message History

The two-headed ogre closely misses you. x2
Your foxfire dissipates!
Casting: Foxfire (safe; 9% risk of failure)
Confirm with . or Enter, or press ? or * to list all spells.
You don't have enough magic to cast this spell.
Found 21 gold pieces.
Found a stone staircase leading down.
You see here 21 gold pieces.
Found 7 gold pieces.
You block the two-headed ogre's attack. The two-headed ogre closely misses you.
Casting: Foxfire (safe; 9% risk of failure)
Confirm with . or Enter, or press ? or * to list all spells.
You don't have enough magic to cast this spell.
Casting: Foxfire (safe; 9% risk of failure)
Confirm with . or Enter, or press ? or * to list all spells.
Flames lash the wight.
The wight is heavily damaged.
The wight's fire resistance burns away.
You hit the two-headed ogre.
The two-headed ogre is moderately wounded.
You block the two-headed ogre's attack. x2
You hit the two-headed ogre.
You feel better.
The two-headed ogre is moderately wounded.
The two-headed ogre misses you. The two-headed ogre closely misses you.
The wight hits you with a +3 flail of freezing.
You barely miss the two-headed ogre.
The two-headed ogre is moderately wounded.
The wight is no longer more vulnerable to fire.
You block the two-headed ogre's attack. x2; The wight barely misses you.
You hit the two-headed ogre but do no damage.
The two-headed ogre is moderately wounded.
You block the wight's attack.
The two-headed ogre hits you with a +0 giant club!!
The two-headed ogre hits you with a +0 giant club!
* * * LOW HITPOINT WARNING * * *
You block the wight's attack.
The two-headed ogre hits you with a +0 giant club!!
* * * LOW HITPOINT WARNING * * *
The two-headed ogre hits you with a +0 giant club!!
You die...

#.# ♣♣ .#.# ♣♣.♣#.#.#
♣♣.♣ #.#.# #
#♣..♣♣#.#.### ...
########.♣♣.♣#.$...##....
.#z.O).#.♣♣♣.#.#.#>......
.♣.♣♣♣.♣...♣.#..@..# OD.♣
♣z)...♣$....O.#
.♣.♣♣♣.♣♣♣.♣♣#.###z#
.#..)..# ♣.♣#.# #.#
######## ♣♣#.###.#
#.....# #.....# #..##.#
#..##.#


You could see a two-headed ogre and a wight.

Vanquished Creatures
  2 water moccasins (D:6)
  An ice beast (D:7)
  A sky beast (D:5)
  2 black bears
  A necrophage (D:6)
  An orc warrior (D:7)
  2 ogres
  2 centaurs
  2 kobold brigands (D:8)
  5 bullfrogs
  A scorpion (D:7)
  2 gnoll sergeants
  3 howler monkeys
  A bullfrog zombie (D:6)
  A hound (D:6)
  A jelly (D:4)
  A bullfrog skeleton (D:6)
  A centaur skeleton (D:4)
  Jessica (D:3)
  Terence (D:2)
  An iguana (D:6)
  2 orc wizards
  8 gnolls (D:6)
  5 adders
  3 white imps
  A worm (D:2)
  2 dart slugs
  6 orcs
  4 ball pythons
  2 bats
  7 endoplasms
  5 giant cockroaches
  4 goblins (D:1)
  6 hobgoblins
  8 jackals
  2 frilled lizards
  5 kobolds
  5 rats
108 creatures vanquished.

Vanquished Creatures (others)
  92 foxfires
92 creatures vanquished.

Grand Total: 200 creatures vanquished

Notes
Turn   | Place    | Note
-------+----------+-------------------------------------------
     0 | D:1      | Logoto the Hill Orc Fire Elementalist began the quest for
                  | the Orb.
     0 | D:1      | Reached XP level 1. HP: 14/14 MP: 3/3
   371 | D:1      | Reached XP level 2. HP: 20/20 MP: 0/4
   374 | D:1      | Learned a level 2 spell: Scorch
   577 | D:1      | Found a faded altar of an unknown god.
  1411 | D:1      | Reached XP level 3. HP: 18/27 MP: 2/5
  2014 | D:2      | Reached skill level 1 in Fighting
  2030 | D:2      | Reached skill level 1 in Polearms
  2146 | D:2      | Found a hazy altar of Hepliaklqana.
  2249 | D:2      | Reached XP level 4. HP: 35/35 MP: 6/6
  2319 | D:2      | Noticed Terence
  2351 | D:2      | Killed Terence
  2726 | D:3      | Noticed Jessica
  2794 | D:3      | Found Foziv's Book Boutique.
  2820 | D:3      | Reached skill level 1 in Armour
  2820 | D:3      | Reached XP level 5. HP: 36/41 MP: 2/7
  2968 | D:3      | Killed Jessica
  3535 | D:4      | Found a staircase to the Ecumenical Temple.
  3571 | Temple   | Entered the Ecumenical Temple
  4029 | D:4      | Found an opulent altar of Gozag.
  4074 | D:4      | Found a glowing silver altar of Zin.
  4550 | D:4      | Reached XP level 6. HP: 50/51 MP: 5/9
  4986 | D:5      | Entered Level 5 of the Dungeon
  4986 | D:5      | Noticed a sky beast
  5073 | D:5      | Killed a sky beast
  5322 | D:5      | Identified the +5 leather armour of the Bouncing Allies
                  | {rF+ rC+ Int+5}
  5369 | D:5      | Noticed a black bear
  5379 | D:5      | Killed a black bear
  5380 | D:5      | Reached XP level 7. HP: 58/58 MP: 4/10
  5806 | D:5      | Found an iron altar of Okawaru.
  5808 | D:5      | Found an ornate altar of the Wu Jian Council.
  5809 | D:5      | Found a broken altar of Ashenzari.
  5810 | D:5      | Found a white marble altar of Elyvilon.
  5812 | D:5      | Found a basalt altar of Yredelemnul.
  6009 | D:6      | Found Ciatsef's Magic Scroll Emporium.
  6017 | D:6      | Bought a scroll of enchant armour for 97 gold pieces
  6017 | D:6      | Bought a scroll of teleportation for 39 gold pieces
  6017 | D:6      | Bought a scroll of identify for 26 gold pieces
  6017 | D:6      | Bought a scroll of identify for 26 gold pieces
  6088 | D:6      | Found a transporter.
  6092 | D:6      | Noticed DemonSlayer's ghost (novice DsFE)
  6106 | D:6      | Reached skill level 5 in Fire Magic
  6319 | D:6      | Found a transporter.
  6392 | D:6      | Reached skill level 1 in Shields
  6392 | D:6      | Reached XP level 8. HP: 66/66 MP: 12/12
  7301 | D:6      | Reached skill level 5 in Fighting
  7474 | D:7      | Reached XP level 9. HP: 64/74 MP: 4/14
  7481 | D:7      | Reached skill level 5 in Polearms
  8073 | D:7      | Found a stormy altar of Qazlal.
  8076 | D:7      | Found an ancient bone altar of Kikubaaqudgha.
  8077 | D:7      | Found a snail-covered altar of Cheibriados.
  8084 | D:7      | Found a hazy altar of Hepliaklqana.
  8090 | D:7      | Found a glowing golden altar of the Shining One.
  8242 | D:8      | Noticed a two-headed ogre
  8294 | D:8      | HP: 1/75 [two-headed ogre/+0 giant club (19)]
  8294 | D:8      | Annihilated by a two-headed ogre

Illustrated notes

Levels and vault maps discovered:
D:1:      ncdulo_wetmaze, layout_basic, basic_ecumenical_altar
D:2:      layout_basic, basic_altar, uniq_terence
D:3:      layout_loops_ring, serial_shops, nicolae_shop_crystal, uniq_jessica
D:4:      nicolae_cairo_tiling, layout_gridville,
          pdpol_temple_overflow_zin_treasury_gozag_greed,
          minmay_temple_entry_statues_pillars
D:5:      layout_rooms, grunt_temple_overflow_open, hangedman_glass_teeth,
          kennysheep_boxes
D:6:      layout_loops_corners, gammafunk_ghost_arena, serial_shops,
          nicolae_stop_n_shop_1
D:7:      cheibrodos_iron_armory, layout_rooms, minmay_overflow_temple_star_hex,
          minmay_misc_feat_roman
D:8:      nzn_winding_woodlands_stair_cross
          [nzn_winding_woodlands_5x15_river_crossing,
          nzn_winding_woodlands_center_lodge,
          nzn_winding_woodlands_5x15_sidewinder,
          nzn_winding_woodlands_hourglass, nzn_winding_woodlands_5x5_perimeter,
          nzn_winding_woodlands_5x15_jagged,
          nzn_winding_woodlands_center_triple_pond,
          nzn_winding_woodlands_5x15_crooked], layout_loops_corners
Temple:   compressed_dpeg_triangle_lava_temple

Skill      XL: |  1  2  3  4  5  6  7  8  9 |
---------------+----------------------------+-----
Fire Magic     | 4 5 6 |  6.0
Fighting       | 1 3 4 5 6 |  6.1
Polearms       | 1 2 3 4 5 |  5.1
Dodging        | 2 3 |  3.2
Armour         | 1 2 3 |  3.2
Stealth        | 2 |  2.5
Spellcasting   | 2 3 4 |  4.4
Conjurations   | 2 |  2.2
Shields        | 1 3 4 |  4.0

Action                   |  1- 3 |  4- 6 |  7- 9 || total
-------------------------+-------+-------+-------++-------
Melee: Unarmed           |    12 |       |       ||    12
       Demon trident     |    47 |    54 |    42 ||   143
       Trident           |       |       |    61 ||    61
 Cast: Foxfire           |    11 |    11 |    33 ||    55
       Scorch            |     5 |    19 |    39 ||    63
  Use: Scroll            |     1 |       |     4 ||     5
 Stab: Sleeping          |     2 |     1 |       ||     3
       Distracted        |       |       |     1 ||     1
Armor: Robe              |    17 |       |       ||    17
       Leather armour    |     3 |    14 |    56 ||    73
       Ring mail         |       |    26 |       ||    26
Dodge: Dodged            |    55 |    52 |    77 ||   184
Block: Kite shield       |       |    11 |   127 ||   138
       Reflection        |       |       |    10 ||    10
